 Dungeon Crawl Stone Soup version 0.22-a0-224-g8cf3520 (webtiles) character file.

65 KristoblXynda the Slasher (level 4, -1/39 HPs)
             Began as a Naga Gladiator on Feb 19, 2018.
             Was an Initiate of Ashenzari.
             Slain by a worm (12 damage)
             ... on level 2 of the Dungeon.
             The game lasted 00:03:19 (2301 turns).

KristoblXynda the Slasher (Naga Gladiator)          Turns: 2301, Time: 00:03:19

Health: -1/39      AC:  3    Str: 17    XL:     4   Next: 13%
Magic:  4/4        EV: 10    Int:  9    God:    Ashenzari [......]
Gold:   75         SH:  0    Dex: 12    Spells: 3/3 levels left

rFire    . . .     SeeInvis +   a - +0 long sword
rCold    . . .     Gourm    .   (no shield)
rNeg     . . .     Faith    .   b - +0 leather armour
rPois    +         Spirit   .   c - +0 helmet
rElec    .         Reflect  .   (no cloak)
rCorr    .         Harm     .   (no gloves)
MR       .....                  (no barding)
Stlth    ++........             (no amulet)
HPRegen  0.13/turn              (no ring)
MPRegen  0.09/turn              (no ring)

@: very slow
A: large, see invisible, deformed body, poison resistance, slowness 2, slow
metabolism 1, spit poison 1, AC +1
a: Spit Poison, Curse Item, Renounce Religion


You were on level 2 of the Dungeon.
You worshipped Ashenzari.
Ashenzari was noncommittal.
You were not hungry.

You visited 1 branch of the dungeon, and saw 2 of its levels.

You collected 75 gold pieces.

Inventory:

Hand Weapons
 a - a +0 long sword (weapon)
Missiles
 d - 3 throwing nets (quivered)
Armour
 b - a +0 leather armour (worn)
 c - a +0 helmet (worn)
Scrolls
 e - 5 scrolls of teleportation {unknown}
 g - a scroll of random uselessness {unknown}
 l - 2 scrolls of identify {unknown}
 m - a scroll of amnesia {unknown}
 o - a scroll of remove curse
Potions
 h - a potion of might {unknown}
 i - a potion of flight {unknown}
 j - a potion of berserk rage {unknown}
 k - 2 potions of curing
Comestibles
 f - 10 rations


   Skills:
 - Level 2.0 Fighting
 * Level 4.0 Long Blades
 - Level 2.0 Throwing
 + Level 2.9 Dodging
 + Level 2.0 Stealth


You had 3 spell levels left.
You didn't know any spells.

Dungeon Overview and Level Annotations

Branches:
Dungeon (2/15)

Altars:
Ashenzari
Gozag
Trog
Zin

Shops:
D:2 *

Annotations:
D:2 1 runed door


Innate Abilities, Weirdness & Mutations

You cannot wear boots.
Your serpentine skin is tough. (AC +1)
You have supernaturally acute eyesight. (SInv)
Armour fits poorly on your strangely shaped body.
Your system is resistant to poisons. (rPois)
You cover ground very slowly.
You have a slow metabolism.
You can spit poison.


Message History

The moth of wrath goads the worm on!
The worm goes berserk!
Found an uncursed trident.
You slash the worm!
The worm is severely wounded.
The worm bites you!
You have got your breath back.
The worm closely misses you.
The moth of wrath goads the rat on!
The rat goes berserk!
Press: ? - help, Shift-Dir - straight line, f/p - worm
Aim: a worm (heavily wounded, berserk, fast, unusually strong)
The splash of poison misses the worm.
You feel slightly more hungry. The worm bites you!
* * * LOW HITPOINT WARNING * * *
Unknown command.
It was a potion of curing.
You feel better. The worm bites you.
* * * LOW HITPOINT WARNING * * *
The worm barely misses you.
You have got your breath back.
The worm bites you!
You die...

###########..... #####
#.........#.....
#...######.<.......#.....
#########.#.....(.).)......#...).
...##.....##..####.........>.....
.#..########.....#.........#.....
...###....###.##...........#...(.
..##.......##.....###............
.##.).......#.##@##⌠##.....#.....
.# )...#....####w.#_#..#..##.....
)# .w.###...#####r........#######
<# w_.#y#....r.#...........####
.# ...###...##.#...∩....#.....###
.# .r..#....##........###.###...#
.##.).......#.#..................
..##.......##..####...###.####...
#.####....####.# #######.#


You could see a worm (berserk) and a rat (berserk).

Vanquished Creatures
  2 adders (D:2)
  An ooze (D:2)
  A worm (D:2)
  A dart slug (D:2)
  A leopard gecko (D:2)
  5 giant cockroaches
  7 goblins
  6 hobgoblins
  A quokka (D:2)
  3 bats (D:2)
  2 frilled lizards (D:2)
  3 kobolds
33 creatures vanquished.

Notes
Turn   | Place    | Note
-------+----------+-------------------------------------------
     0 | D:1      | KristoblXynda the Naga Gladiator began the quest for the Orb.
     0 | D:1      | Reached XP level 1. HP: 19/19 MP: 1/1
  1044 | D:2      | Reached XP level 2. HP: 26/26 MP: 2/2
  1509 | D:2      | Reached skill level 1 in Stealth
  1509 | D:2      | Reached XP level 3. HP: 26/32 MP: 3/3
  1554 | D:2      | Found a runed door.
  1916 | D:2      | Found Zin's Purification Station.
  1919 | D:2      | Found a glowing silver altar of Zin.
  2021 | D:2      | Reached XP level 4. HP: 39/39 MP: 4/4
  2033 | D:2      | Found an opulent altar of Gozag.
  2072 | D:2      | Reached skill level 4 in Long Blades
  2075 | D:2      | Found a shattered altar of Ashenzari.
  2181 | D:2      | Became a worshipper of Ashenzari the Shackled
  2279 | D:2      | Noticed a moth of wrath
  2282 | D:2      | Found a bloodstained altar of Trog.
  2301 | D:2      | Slain by a worm

Vault maps used:
D:1:      dpeg_arrival_signposts
D:2:      marbit_many_paths, tgw_trog, grunt_gozag_breadcrumbs, zin_purify,
          serial_bayou_ford_a, uniq_crazy_yiuf_cottage

Skill      XL: |  1  2  3  4 |
---------------+-------------+-----
Throwing       | 2 |  2.0
Stealth        | 1 2 |  2.0
Long Blades    | 4 |  4.0
Fighting       | |  2.0
Dodging        | |  2.9

Action                   |  1- 3 |  4- 6 || total
-------------------------+-------+-------++-------
Melee: Long sword        |    68 |    17 ||    85
 Abil: Spit Poison       |     8 |     5 ||    13
  Use: Potion            |       |     1 ||     1
  Eat: Chunk             |     2 |       ||     2
       Ration            |     1 |       ||     1
Armor: Leather armour    |    27 |     4 ||    31
Dodge: Dodged            |    50 |    10 ||    60
       Rpst.: Long sword |    17 |     6 ||    23

Table legend:
 A = Spawn XP
 B = Non-spawn XP
 C = Spawn XP percentage of total XP
 D = Spawn monster count
 E = Non-spawn monster count
 F = Spawn count percentage of total count
 G = Total turns spent on level
                    A         B        C        D         E        F      G
               +---------+---------+-------+---------+---------+-------+---------
         Total |       0 |      93 |   0.0 |       0 |      33 |   0.0 |  2301
               +---------+---------+-------+---------+---------+-------+---------
           D:1 |       0 |       9 |   0.0 |       0 |       5 |   0.0 |  1153
           D:2 |       0 |      84 |   0.0 |       0 |      28 |   0.0 |  1148
               +---------+---------+-------+---------+---------+-------+---------
